Map: Turbo Cruise '84 LE

Players

Jaayy - Winner!

  • Race: Protoss Protoss
  • League: Platinum
  • Spawn Location: 7:00

PeLLy

  • Race: Zerg Zerg
  • League: Diamond
  • Spawn Location: 3:00

VOD

Have the link to the VOD?

Description

Time

  • Played on: Aug. 6, 2019, 5:37 p.m.
  • Length: 12:41
Show
View Real Time Build Order
Export as new Build Order

Jaayy Protoss - Winner!

Build Orders: Cannon Rush 

Get SALT Encoding   

  12  0:00  Probe  
  13  0:12  Probe  
  14  0:19  Pylon  
  14  0:24  Probe  
  15  0:36  Probe  
  15  0:41  Forge  
  16  0:45  Probe  
  17  0:53  Probe  
  17  0:55  Assimilator  
  18  1:04  Probe  
  19  1:21  Pylon  
  19  1:23  Pylon  
  19  1:26  Pylon  
  19  1:34  Pylon  
  19  1:42  Photon Cannon  
  19  1:43  Photon Cannon  
  19  1:49  Pylon  
  19  1:53  Photon Cannon  
  19  2:16  Photon Cannon  
  19  2:18  Gateway  
  19  2:19  Pylon  
  19  2:20  Probe  
  20  2:40  Pylon  
  20  2:43  Pylon  
  20  2:44  Pylon  
  20  2:52  Pylon  
  19  3:11  Pylon  
  19  3:20  Nexus  
  19  3:28  Cybernetics Core  
  19  3:38  Pylon  
  19  3:59  Photon Cannon  
  19  4:08  Probe  
  19  4:15  Assimilator  
  19  4:16  Probe  
  19  4:20  Warp Gate  
  20  4:24  Stargate  
  20  4:25  Probe  
  21  4:34  Assimilator  
  21  4:36  Probe  
  21  4:37  Probe  
  23  4:39  Assimilator  
  23  4:44  Probe  
  23  4:49  Probe  
  23  4:52  Probe  
  25  4:57  Oracle  
  25  4:59  Pylon  
  26  5:03  Probe  
  27  5:11  Probe  
  31  5:15  Probe  
  32  5:23  Probe x2  
  32  5:24  Robotics Facility  
  34  5:32  Probe  
  34  5:34  Phoenix  
  34  5:35  Probe  
  37  5:40  Probe  
  38  5:47  Probe  
  38  5:48  Probe  
  41  5:58  Probe  
  41  5:59  Probe  
  43  6:29  Probe  
  43  6:30  Probe  
  45  6:33  Observer  
  45  6:38  Robotics Bay  
  46  6:41  Gateway, Probe  
  46  6:42  Probe  
  46  6:43  Gateway  
  46  6:44  Gateway  
  46  6:46  Gateway  
  46  6:48  Gateway  
  46  6:50  Void Ray  
  46  6:52  Pylon  
  46  6:54  Pylon, Probe  
  51  7:05  Immortal  
  51  7:10  Pylon x2  
  55  7:23  Pylon x2  
  59  8:02  Extended Thermal Lance, Colossus  
  59  8:07  Pylon  
  58  8:17  Stalker x2  
  58  8:18  Stalker x3  
  63  8:28  Void Ray  
  63  8:36  Pylon x2  
  63  8:40  Pylon  
  63  8:41  Colossus  
  63  8:42  Probe x2  
  65  8:50  Probe  
  65  8:54  Probe  
  67  8:58  Probe  
  67  8:59  Sentry x5  
  84  9:06  Probe  
  84  9:08  Probe  
  86  9:18  Probe  
  87  9:25  Zealot x4  
  87  9:26  Zealot  
  97  9:41  Pylon  
  97  9:43  Pylon  
  97  9:45  Pylon  
  97  9:47  Pylon  
  97  9:51  Colossus  
  103  10:05  Zealot  
  103  10:06  Zealot x4  
  105  10:40  Zealot x2  
  105  10:41  Zealot x3  
  105  10:42  Colossus  
  93  10:55  Probe  
  73  11:07  Probe  
  73  11:19  Probe  
  73  11:31  Probe  
  72  11:43  Probe  
Show
View Real Time Build Order
Export as new Build Order

PeLLy Zerg 

Build Orders: Hatch First 

Get SALT Encoding   

  12  0:01  Drone  
  13  0:12  Overlord  
  13  0:21  Drone  
  14  0:30  Drone  
  14  0:31  Drone  
  16  0:38  Drone  
  17  0:56  Hatchery  
  17  0:57  Drone  
  17  1:04  Extractor  
  16  1:05  Drone  
  17  1:16  Spawning Pool  
  16  1:22  Drone  
  17  1:37  Drone  
  17  1:38  Drone  
  19  1:53  Drone x2  
  22  2:13  Hatchery, Overlord  
  22  2:14  Queen, Spine Crawler  
  22  2:29  Drone, Extractor  
  22  2:31  Drone  
  23  2:39  Drone  
  24  2:45  Drone  
  25  2:57  Spine Crawler  
  23  3:16  Drone x2  
  25  3:20  Drone  
  25  3:21  Lair  
  25  3:22  Roach Warren  
  25  3:29  Queen  
  25  3:31  Drone  
  28  3:43  Drone x2  
  28  3:44  Drone  
  28  3:47  Spine Crawler  
  31  3:48  Drone  
  31  4:06  Roach x2  
  35  4:24  Glial Reconstitution  
  35  4:27  Overlord x2  
  35  4:42  Queen  
  35  4:43  Hydralisk Den  
  35  4:45  Baneling Nest  
  35  4:53  Drone x2  
  35  4:54  Drone x2  
  35  4:56  Drone  
  35  4:57  Drone x4  
  44  5:13  Roach x3  
  50  5:29  Hatchery  
  50  5:35  Drone x3  
  50  5:41  Overlord x2  
  52  5:45  Centrifical Hooks  
  52  5:56  Evolution Chamber  
  48  6:13  Spore Crawler  
  48  6:17  Spore Crawler  
  46  6:20  Drone x6  
  52  6:33  Spore Crawler  
  52  6:35  Hydralisk x5  
  61  6:43  Evolution Chamber  
  61  6:44  Grooved Spines  
  61  6:46  Drone  
  61  6:47  Drone  
  61  6:49  Drone  
  61  6:52  Extractor  
  62  6:54  Extractor  
  62  6:58  Ravager x5  
  66  7:03  Overlord  
  66  7:11  Zerg Missile Weapons Level 1  
  66  7:25  Extractor  
  66  7:27  Extractor  
  58  7:53  Hydralisk x5  
  62  8:05  Hydralisk  
  59  8:17  Hydralisk  
  61  8:20  Drone x4  
  61  8:21  Drone x8  
  65  8:34  Hydralisk  
  65  8:35  Hydralisk x2  
  65  8:41  Zergling x4  
  73  8:49  Drone  
  73  8:51  Overlord  
  74  8:58  Zerg Melee Weapons Level 1  
  74  9:03  Overlord x3  
  74  9:18  Zergling x10  
  74  9:19  Zergling x6  
  74  9:22  Muscular Augments  
  82  9:25  Zerg Missile Weapons Level 2  
  82  9:28  Spore Crawler  
  82  9:29  Zergling x14  
  88  9:36  Drone  
  89  9:45  Hydralisk  
  89  9:46  Hydralisk x2  
  89  9:52  Hydralisk x2  
  95  9:53  Hydralisk x2  
  95  9:57  Baneling  
  95  9:58  Baneling x8  
  103  10:00  Baneling x2  
  103  10:01  Baneling  
  103  10:02  Baneling  
  103  10:03  Baneling  
  103  10:10  Drone x3  
  103  10:13  Overlord  
  106  10:25  Zergling x8  
  78  10:56  Roach, Hydralisk  
  78  10:57  Roach x4  
  79  11:15  Hydralisk  
  79  11:16  Hydralisk x2  
  63  11:25  Zergling x2  
  63  11:30  Spine Crawler x2  
  63  11:31  Spine Crawler  
  63  11:32  Spine Crawler  
  53  11:44  Hydralisk x2  
  46  11:52  Drone  
  27  12:14  Hydralisk x2  
Tags
 
Add a new tag
Caveats
  • Supply blocks, unpowered buildings, or Contaminate may cause inaccurate times.
  • Supply counts are checked every 10 seconds.